 Dungeon Crawl Stone Soup version 0.32-a0-12-g7fc57aa741 (webtiles) character file.

Game seed: 6433539792626382235

2773704 Laraso the Thanatomancer (level 27, 249/249 HPs)
             Began as a Demonspawn Monk on Jan 14, 2024.
             Was the Champion of Ashenzari.
             Escaped with the Orb
             ... and 5 runes on Jan 15, 2024!
             The game lasted 03:43:16 (87234 turns).

Laraso the Thanatomancer (Demonspawn Monk)         Turns: 87234, Time: 03:43:16

Health: 249/249    AC: 38    Str: 16    XL:     27
Magic:  47/47      EV: 35    Int: 34    God:    Ashenzari [******]
Gold:   9878       SH: 33    Dex: 32    Spells: 5/66 levels left

rFire   . . .        a - +9 demon trident of Desmomancy {chaos, Cun, Fort} (curse)
rCold   + + +        P - +5 Storm Queen's Shield {shock, Fly rElec, Comp, Self} (curse)
rNeg    + + .        C - +7 Kryia's mail coat {PotionHeal*2 rC+, Cun, Self} (curse)
rPois   +            X - +2 helmet "Ordeal of Ashenzari" {Int+3, Elem, Sorc} (curse)
rElec   +            (cloak unavailable)
rCorr   .            S - +2 pair of gloves "Activism of Ashenzari" {Self, Dev} (curse)
SInv    +            r - +2 pair of boots of the Enigmatic Shame {Fly, Fort, Elem} (curse)
Will    +++..        o - amulet of the Chained Heavens {Reflect rPois rN++ Str-3 Dex+8 SH+5, Sorc, Comp} (curse)
Stlth   ++           O - ring of the Cursed Seer {^Drain rC++ Str+2 Int+6 Dex+3, Elem, Cun} (curse)
HPRegen 0.61/turn    v - ring "Ruined Paranoia" {Int+6 Dex+3, Elem, Dev} (curse)
MPRegen 0.60/turn

%: repel missiles, reflection, clarity, guardian spirit
@: flying, studying 3 skills
A: repulsion field 3, hurl damnation, icemail 2, torment resistance 1, magic
shield, magic regeneration, magic link, condensation shield, demonic willpower,
weakness stinger 3, talons 1, clever 1, noise suppression
0: Orb of Zot
}: 5/15 runes: barnacled, slimy, silver, abyssal, gossamer
a: Hurl Damnation, Renounce Religion, Shatter the Chains


You escaped.
You worshipped Ashenzari.
Ashenzari was exalted by your worship.
You visited 13 branches of the dungeon, and saw 57 of its levels.
You visited the Abyss 2 times.
You also visited: Trove.

You collected 10402 gold pieces.
You spent 524 gold pieces at shops.

Inventory:

Hand Weapons
 a - the cursed +9 demon trident of Desmomancy (weapon) {chaos, Cun, Fort}
   (You took it off a merfolk impaler on level 2 of the Lair of Beasts)

   It has a curse which improves the following skills: Cunning: Dodging and
   Stealth.
   Fortitude: Armour and Shields.
Armour
 r - the cursed +2 pair of boots of the Enigmatic Shame (worn) {Fly, Fort, Elem}
   (You bought it in a shop on level 2 of the Orcish Mines)

   It has a curse which improves the following skills: Fortitude: Armour and
   Shields.
   Elements:  Fire Magic, Ice Magic, Air Magic and Earth Magic.
 C - the cursed +7 Kryia's mail coat (worn) {PotionHeal*2 rC+, Cun, Self}
   (You acquired it on level 11 of the Dungeon)

   PotionHeal*2: Potions heal its wearer twice as much.
   rC+:       It protects you from cold.
   It has a curse which improves the following skills: Cunning: Dodging and
   Stealth.
   Introspection: Fighting and Spellcasting.
 P - the cursed +5 Storm Queen's Shield (worn) {shock, Fly rElec, Comp, Self}
   (You found it on level 3 of the Depths)

   Shock:     When it blocks an attack, it may electrocute the attacker.
   This works even against foes who are a short distance away.
   rElec:     It insulates you from electricity.
   Fly:       It grants you flight.
   It has a curse which improves the following skills: Companions: Summonings
   and Necromancy.
   Introspection: Fighting and Spellcasting.
 S - the cursed +2 pair of gloves "Activism of Ashenzari" (worn) {Self, Dev}
   (You bought it in a shop on level 2 of the Orcish Mines)

   It has a curse which improves the following skills: Introspection: Fighting
   and Spellcasting.
   Devices:   Evocations and Shapeshifting.
 X - the cursed +2 helmet "Ordeal of Ashenzari" (worn) {Int+3, Elem, Sorc}
   (You found it on level 3 of the Elven Halls)

   It has a curse which improves the following skills: Elements: Fire Magic, Ice
   Magic, Air Magic and Earth Magic.
   Sorcery:   Conjurations and Alchemy.
Jewellery
 n - the amulet "Nunaneogh" {RegenMP rF++ Int-5}
   (You found it on level 4 of the Abyss)

   [amulet of magic regeneration]

   RegenMP:   It increases your rate of magic regeneration.
   Int-5:     It affects your intelligence (-5).
   rF++:      It greatly protects you from fire.
 o - the cursed amulet of the Chained Heavens (around neck) {Reflect rPois rN++ Str-3 Dex+8 SH+5, Sorc, Comp}
   (You found it on level 1 of the Depths)

   [amulet of reflection]

   Reflect:   It reflects blocked missile attacks.
   Str-3:     It affects your strength (-3).
   Dex+8:     It affects your dexterity (+8).
   rPois:     It protects you from poison rN++: It greatly protects you from
   negative energy.
   SH+5:      It affects your SH (+5).
   It has a curse which improves the following skills: Sorcery: Conjurations and
   Alchemy.
   Companions: Summonings and Necromancy.
 v - the cursed ring "Ruined Paranoia" (right hand) {Int+6 Dex+3, Elem, Dev}
   (You found it on level 1 of the Shoals)

   [ring of intelligence]

   Int+6:     It affects your intelligence (+6).
   Dex+3:     It affects your dexterity (+3).
   It has a curse which improves the following skills: Elements: Fire Magic, Ice
   Magic, Air Magic and Earth Magic.
   Devices:   Evocations and Shapeshifting.
 O - the cursed ring of the Cursed Seer (left hand) {^Drain rC++ Str+2 Int+6 Dex+3, Elem, Cun}
   (You found it on level 1 of the Elven Halls)

   [ring of intelligence]

   Str+2:     It affects your strength (+2).
   Int+6:     It affects your intelligence (+6).
   Dex+3:     It affects your dexterity (+3).
   rC++:      It greatly protects you from cold.
   ^Drain:    It drains your maximum health when unequipped.
   It has a curse which improves the following skills: Elements: Fire Magic, Ice
   Magic, Air Magic and Earth Magic.
   Cunning:   Dodging and Stealth.
 W - the ring of the Mage {Wiz Archmagi}
   (You found it on level 3 of the Elven Halls)

   [ring of wizardry]

   Wiz:       It improves your spell success rate.
   Archmagi:  It increases the power of your magical spells.
Wands
 b - a wand of roots (67)
 g - a wand of paralysis (96)
 u - a wand of polymorph (26)
 w - a wand of flame (85)
 A - a wand of mindburst (40)
 D - a wand of digging (19)
 I - a wand of quicksilver (47)
Scrolls
 f - 23 scrolls of teleportation
 j - 9 scrolls of vulnerability
 l - a scroll of revelation
 m - 9 scrolls of poison
 t - 6 scrolls of fog
 x - 17 scrolls of immolation
 z - 7 scrolls of fear
 G - a scroll of blinking
 H - 7 scrolls of torment
 R - 2 scrolls of silence
 V - 3 scrolls of summoning
Potions
 c - 6 potions of ambrosia
 e - 5 potions of haste
 h - 3 potions of berserk rage
 k - 21 potions of heal wounds
 p - 11 potions of enlightenment
 s - 6 potions of brilliance
 B - 5 potions of cancellation
 E - 18 potions of curing
 F - 4 potions of resistance
 J - 7 potions of mutation
 K - 12 potions of attraction
 L - 4 potions of magic
 N - 4 potions of might
 Q - 4 potions of invisibility
Miscellaneous
 d - a sack of spiders
 i - a phantom mirror
 y - a lightning rod (4/4)
 M - a tin of tremorstones (1/2)
 U - a phial of floods


   Skills:
 - Level 22.7(27) Fighting
 - Level 14.0 Polearms
 - Level 16.5(20.0) Armour
 * Level 17.4(21.9) Dodging
 - Level 7.3(12.0) Stealth
 - Level 16.5(20.0) Shields
 - Level 15.3(20.0) Spellcasting
 - Level 6.4(10.0) Summonings
 - Level 24.7(27) Necromancy
 - Level 2.0 Translocations
 - Level 4.8(10.0) Air Magic
 - Level 13.7(19.4) Earth Magic
 - Level 13.5(17.0) Alchemy
 - Level 11.8(15.4) Evocations


You had 5 spell levels left.
You knew the following spells:

 Your Spells              Type           Power      Damage    Failure   Level
a - Eringya's Noxious Bo  Alch           50%        4d6       1%          6
b - Blink                 Tloc           94%        N/A       1%          2
c - Passwall              Erth           100%       N/A       0%          3
d - Death Channel         Necr           60%        N/A       0%          6
e - Fugue of the Fallen   Necr           100%       N/A       0%          3
g - Lee's Rapid Deconstr  Erth           52%        3d25*     1%          5
r - Haunt                 Necr/Summ      51%        N/A       1%          7
s - Swiftness             Air            80%        N/A       1%          3
t - Dispel Undead         Necr           100%       3d31      0%          4
v - Borgnjor's Vile Clut  Necr/Erth      56%        N/A       0%          5
P - Borgnjor's Revivific  Necr           60%        N/A       1%          8
Q - Death's Door          Necr           60%        N/A       4%          9

Your spell library contained the following spells:

 Spells                   Type           Power      Damage    Failure   Level
 Cigotuvi's Dreadful Rot  Necr/Alch/Air  100%       N/A       0%          2
 Mercury Vapours          Alch/Air       100%       N/A       0%          2
 Animate Dead             Necr           100%       N/A       0%          4
 Martyr's Knell           Necr/Summ      100%       N/A       0%          4
 Freeze                   Ice            100%       1d10      1%          1
 Shock                    Conj/Air       100%       1d9       1%          1
 Sting                    Conj/Alch      100%       1d9       1%          1
 Lesser Beckoning         Tloc           94%        N/A       1%          2
 Static Discharge         Conj/Air       100%       3-8/arc   1%          2
 Call Canine Familiar     Summ           80%        N/A       1%          3
 Mephitic Cloud           Conj/Alch/Air  77%        N/A       1%          3
 Summon Ice Beast         Ice/Summ       63%        N/A       1%          3
 Airstrike                Air            40%        2d(6-22)  1%          4
 Anguish                  Hex/Necr       45%        N/A       1%          4
 Animate Armour           Summ/Erth      100%       N/A       1%          4
 Fulminant Prism          Conj/Alch      38%        3d17      1%          4
 Ignite Poison            Fire/Alch      76%        N/A       1%          4
 Olgreb's Toxic Radiance  Alch           100%       N/A       1%          4
 Sticky Flame             Fire/Alch      76%        2d12      1%          4
 Summon Lightning Spire   Summ/Air       80%        N/A       1%          4
 Alistair's Intoxication  Alch           66%        N/A       1%          5
 Magic Dart               Conj           100%       1d8       2%          1
 Momentum Strike          Conj/Tloc      84%        3d10      2%          2
 Ensorcelled Hibernation  Hex/Ice        72%        N/A       3%          2
 Searing Ray              Conj           74%        2d7       3%          2
 Gell's Gravitas          Tloc           47%        N/A       3%          3
 Teleport Other           Tloc           47%        N/A       3%          3
 Summon Blazeheart Golem  Fire/Summ      63%        N/A       3%          4
 Volatile Blastmotes      Fire/Tloc      86%        2d17      4%          3
 Frozen Ramparts          Ice            78%        1d12      6%          3
 Hailstorm                Conj/Ice       38%        3d9       6%          3
 Ozocubu's Armour         Ice            39%        N/A       6%          3
 Summon Forest            Summ/Tloc      33%        N/A       6%          5
 Dazzling Flash           Conj/Hex       70%        N/A       8%          3
 Sigil of Binding         Hex            34%        N/A       9%          3
 Summon Mana Viper        Hex/Summ       62%        N/A       10%         5
 Iskenderun's Mystic Bla  Conj/Tloc      42%        2d10      16%         4
 Freezing Cloud           Conj/Ice/Air   28%        6-21      16%         5
 Dimensional Bullseye     Hex/Tloc       20%        N/A       19%         4
 Cause Fear               Hex            17%        N/A       26%         4
 Fireball                 Conj/Fire      19%        3d9       50%         5
 Metabolic Englaciation   Hex/Ice        18%        N/A       54%         5
 Summon Cactus Giant      Summ           40%        N/A       7%          6
 Sculpt Simulacrum        Ice/Alch       38%        N/A       11%         6
 Monstrous Menagerie      Summ           40%        N/A       36%         7
 Summon Hydra             Summ           40%        N/A       36%         7
 Conjure Ball Lightning   Conj/Air       31%        3x3d10    43%         6
 Malign Gateway           Summ/Tloc      33%        N/A       89%         7
 Spellforged Servitor     Conj/Summ      31%        N/A       95%         7
 Maxwell's Capacitive Co  Air            40%        ∞         96%         8
 Summon Horrible Things   Summ           40%        N/A       96%         8
 Starburst                Conj/Fire      19%        6d7       97%         6
 Orb of Destruction       Conj           18%        9d8       100%        7
 Ozocubu's Refrigeration  Ice            19%        4d11      100%        7
 Discord                  Hex            17%        N/A       100%        8
 Disjunction              Tloc           23%        N/A       100%        8
 Ignition                 Fire           19%        3d7       100%        8
 Dragon's Call            Summ           40%        N/A       100%        9
 Polar Vortex             Ice            19%        12d2*     100%        9


Dungeon Overview and Level Annotations

Branches:
Dungeon (15/15)            Temple (1/1) D:5            Lair (5/5) D:8
 Shoals (4/4) Lair:2       Spider (4/4) Lair:2        Slime (5/5) Lair:5
    Orc (2/2) D:12            Elf (3/3) Orc:2        Vaults (5/5) D:13
  Crypt (3/3) Vaults:2       Tomb (0/3) Crypt:3      Depths (4/4) D:15
   Hell (visited)             Zot (5/5) Depths:4
    Dis: Hell:1         Geh: Hell:1         Coc: Hell:1         Tar: Hell:1

Altars:
Ashenzari
Cheibriados
Dithmenos
Fedhas
Gozag
Hepliaklqana
Kikubaaqudgha
Makhleb
Nemelex Xobeh
Okawaru
Qazlal
Ru
Sif Muna
Trog
Uskayaw
Vehumet
Wu Jian
Xom
Yredelemnul
Jiyva

Shops:
Orc:2 ([[   Shoals:3 (=?=

Portals:
Hell: Depths:1 Depths:2 Depths:3 Depths:4
Abyss: Depths:2 Depths:3 Depths:4
Pandemonium: Depths:2
Ziggurat: Depths:2

Annotations:
Elf:2 3 runed translucent doors
Crypt:1 Khufu


Innate Abilities, Weirdness & Mutations

You are surrounded by a strong repulsion field. (EV +4, RMsl)
You can hurl damnation.
A meltable icy envelope protects you from harm. (AC +8)
You are resistant to unholy torment.
When hurt, damage is shared between your health and your magic reserves.
You regenerate magic rapidly.
When low on magic, you restore magic in place of health.
A meltable shield of frost defends you. (SH +4)
You punish those that try to bend your will. (Will+)
You have a sharp stinger which inflicts weakening toxins.
You have sharp toenails.
Your mind is acute. (Int +4, Str/Dex -1)
You passively dampen the noise of your surroundings.


Message History

You block the sun demon's attack. x2
Your shield discharges, shocking the sun demon!
The sun demon resists.
There is an escape hatch in the ceiling here.
Unknown command.
You block the sun demon's attack.
Your shield discharges, shocking the sun demon!
The sun demon resists.
A mysterious force pulls you upwards. The hatch slams shut behind you.
Unknown command.
You hit the sun demon but do no damage.
The sun demon is almost dead.
You block the sun demon's attack.
Unknown command.
You miss the sun demon.
The sun demon is almost dead.
You kill the sun demon!
You start to feel a little faster.
You no longer feel sluggish.
There is a stone staircase leading up here.
What level of the Dungeon? (default 1, ? - help)
You fly upwards.
There is a stone staircase leading down here.
A large abomination comes into view.
There is a stone staircase leading up here.
What level of the Dungeon? (default 1, ? - help)
You fly upwards.
There is a stone staircase leading down here.
You see here a +0 mace.
You see here a +0 club.
There is a stone staircase leading up here.
You fly upwards.
There is a stone staircase leading down here.
Aiming: Dig
Press: ? - help, Shift-Dir - straight line, f - you Please select a direction to dig.
A stone staircase leading down.
This square is covered in magical glow.
The rock shatters into small pieces.
There is a staircase leading out of the dungeon here.
You have escaped!

##......#####.########.#.......##
........................>........
.#............##.#####...#.#.####
##..############'#####.#{#.#...†.
#.........#...........#...#.####
###.######.#.........#.#.........
.....### #.#..⌠...⌠..#.#.........
###....###.#.........#.#.########
##.#..##.')...@....'.#.........
#.##..#.#.........#.#{..#.####
#.###.#.#..⌠...⌠..#.#......#..
#.# #...#.........#....##..#.#
####.####..#.........#...###..#.#
...........#####+#####...#.......
........#................#.#..#.#
........#########.######.#.####.#
........# #####.........#......#


There were no monsters in sight!

Vanquished Creatures
  the Royal Jelly (Slime:5)
  4 dread liches
  Frederick (Vaults:4)
  3 orbs of fire (Zot:5)
  4 ancient liches
  A juggernaut (Depths:3)
  Josephina (Crypt:2)
  5 Killer Klowns (Zot:5)
  Geryon (Hell)
  Margery (Vaults:4)
  A caustic shrike (Depths:3)
  14 golden dragons
  Nikola (Spider:2)
  Arachne (Spider:4)
  6 bone dragons
  A Tzitzimitl (Zot:1)
  A hellephant (Hell)
  Mlioglotl (Spider:3)
  14 tentacled monstrosities
  Zenata (Vaults:4)
  A tainted leviathan (Depths:2)
  4 electric golems
  Asterion (Elf:1)
  Jorgrun (D:14)
  8 liches
  14 Orb Guardians
  An Ice Fiend (Depths:4)
  A walking earthen tome (Depths:3)
  2 shard shrike skeletons (Crypt:3)
  2 deep elf blademasters (Elf:3)
  The ghost of anacleto the Metamorph, an adept TrSh of the Shining One (Elf:1)
  7 quicksilver dragons
  2 walking frostbound tomes (Depths:3)
  6 deep elf master archers
  Polyphemus (Shoals:2)
  2 Executioners
  9 acid blobs
  8 sphinxes
  5 ancient champions
  Agnes (D:14)
  20 tentacled starspawn
  12 death cobs
  A thorn hunter (Abyss:4)
  Gastronok (Orc:1)
  8 shadow dragons
  Kirke (D:14)
  5 storm dragons
  Roxanne (Spider:1)
  5 tengu reavers
  Ilsuiw (Shoals:3)
  4 revenants
  A daeva (Zot:2)
  3 rockslimes
  5 protean progenitors
  A fenstrider witch (Slime:5)
  2 deep elf sorcerers
  10 azure jellies
  Donald (Lair:2)
  2 draconian knights
  4 fire giants
  6 emperor scorpions
  12 frost giants
  4 iron dragons
  8 draconian shifters
  14 ghost moths
  7 draconian scorchers
  12 vault wardens
  9 ghouls
  2 draconian annihilators
  5 orc warlords
  5 deep elf elementalists (Elf:3)
  3 angels (Zot:2)
  24 very ugly things
  7 ironbound preservers
  4 spectral caustic shrikes (Depths:1)
  2 cacodemons
  4 reapers
  2 spriggan defenders
  A curse skull (Crypt:3)
  3 draconian stormcallers
  2 broodmothers
  11 ironbound thunderhulks
  A caustic shrike skeleton (Crypt:3)
  2 formless jellyfish
  9 stone giants
  11 quicksilver oozes
  6 putrid mouths (Depths:2)
  9 green draconians
  7 deep elf death magi
  11 vampire knights
  2 eleionomae (Shoals:4)
  7 black draconians
  The ghost of Zyxuithu the Black Belt, a journeyman MeSh (Lair:4)
  8 deep elf demonologists
  6 deep elf annihilators (Elf:3)
  11 dire elephants
  2 lorocyprocas
  4 war gargoyles
  4 spark wasps
  9 yellow draconians
  3 acid blob zombies
  8 white draconians
  5 purple draconians
  The ghost of corpsech the Cleaver, a journeyman NaFi of Cheibriados (D:12)
  6 eidola
  9 red draconians
  The ghost of anacleto the Metamorph, a journeyman TrSh of the Shining One (D:13)
  12 ettins
  4 green deaths (Depths:2)
  Snorg (Lair:4)
  18 merfolk impalers
  4 blizzard demons
  10 yaktaur captains
  5 merfolk javelineers
  3 crystal guardians
  9 jiangshi
  7 fire dragons
  9 deep elf high priests
  8 entropy weavers
  15 great orbs of eyes
  A peacekeeper (Vaults:4)
  4 jorogumos (Spider:4)
  6 rakshasas
  A quicksilver dragon skeleton (Crypt:3)
  11 ice dragons
  3 catoblepae
  5 hydras
  30 vault guards
  A spriggan air mage (Depths:4)
  10 boulder beetles
  2 ogre magi
  2 death knights
  11 ironbound frosthearts
  14 centaur warriors
  6 satyrs
  A two-headed ogre (shapeshifter) (Depths:3)
  4 merfolk avatars
  3 merfolk aquamancers
  9 dancing weapons
  7 death yaks
  A fenstrider witch skeleton (Crypt:2)
  7 hell hogs
  The ghost of tmcgee265 the Thrower, a novice FoBr of the Shining One (D:8)
  A naga warrior (Abyss:3)
  14 two-headed ogres
  5 deep troll shamans
  9 deep troll earth magi
  2 alligator snapping turtles
  2 tengu warriors
  5 spriggan berserkers
  An occultist (Depths:2)
  23 thrashing horrors
  6 vampire magi
  A titan zombie (Abyss:4)
  7 demonic crawlers
  Sonja (D:13)
  7 deep elf knights
  10 soul eaters
  11 wretched stars
  7 sun demons
  11 hell knights
  4 orc high priests
  2 iron giant zombies (Crypt:3)
  9 skysharks
  10 iron trolls
  A fire crab (D:8)
  A titan skeleton (Crypt:3)
  7 pharaoh ants
  13 sea snakes
  37 large abominations
  4 sixfirhies
  2 crystal echidnas (Depths:2)
  4 spatial maelstroms
  6 flayed ghosts
  4 shadow demons
  43 skeletal warriors
  2 shadow wraiths
  A death drake (Depths:4)
  30 deep trolls
  An obsidian statue (Zot:5)
  A mana viper (shapeshifter) (Vaults:4)
  7 glowing orange brains
  12 orb spiders
  An iron giant skeleton (Crypt:3)
  A swamp dragon (Abyss:4)
  4 sun moths
  A bunyip skeleton (Crypt:3)
  2 bog bodies
  11 phantasmal warriors
  A mana viper (Abyss:4)
  2 orange crystal statues
  11 deep elf archers
  12 ironbound convokers
  7 steelbarb worms
  7 arcanists
  15 deep elf zephyrmancers
  8 necromancers
  2 steelbarb worms (shapeshifter)
  21 harpies
  78 starcursed masses
  8 lindwurms
  An orc sorcerer (Orc:1)
  4 orc knights
  22 wolf spiders
  33 ugly things
  11 cyclopes
  19 deep elf pyromancers
  An oklob plant (Lair:2)
  18 manticores
  A moth of wrath (shapeshifter) (Elf:1)
  14 fauns
  6 worldbinders
  5 salamanders
  A will-o-the-wisp (Abyss:3)
  5 elephants
  23 moths of wrath
  8 kobold blastminers
  6 merfolk sirens
  A toenail golem (Abyss:2)
  Joseph (Lair:1)
  A guardian serpent (shapeshifter) (Depths:4)
  A meliai (shapeshifter) (Abyss:4)
  A naga mage (Abyss:3)
  A black mamba (shapeshifter) (D:14)
  A stone giant skeleton (Crypt:3)
  5 vault sentinels
  5 black mambas
  5 water nymphs
  A guardian serpent (Abyss:3)
  15 cane toads
  4 meliai
  3 apocalypse crabs
  2 centaur skeletons (Crypt:3)
  A cane toad (shapeshifter) (Abyss:2)
  An eye of devastation (Lair:4)
  14 smoke demons
  6 gargoyles
  A dire elephant skeleton (Crypt:3)
  6 torpor snails
  A hellion (Depths:2)
  7 orange demons
  6 efreet
  5 freezing wraiths
  12 rime drakes
  3 unseen horrors
  3 kobold demonologists (Abyss:4)
  26 yaktaurs
  11 komodo dragons
  2 tormentors
  9 swamp worm zombies (Crypt:1)
  36 merfolk
  4 guardian mummies (Crypt:3)
  A death yak skeleton (Crypt:3)
  10 trolls
  14 ancient zymes
  5 wind drakes
  4 polar bears
  3 hydra zombies (Hell)
  An iron troll skeleton (Crypt:1)
  A troll (shapeshifter) (D:11)
  5 hornets
  Grinder (D:6)
  19 blink frogs
  5 hellwings
  25 tarantellas
  A jumping spider zombie (Crypt:2)
  11 dream sheep
  2 glass eyes
  A harpy skeleton (Crypt:3)
  4 hydra skeletons
  14 snapping turtles
  Prince Ribbit (D:9)
  31 raiju
  89 slime creatures
  A human simulacrum (Crypt:2)
  20 jumping spiders
  3 wyverns
  2 spriggans (Depths:4)
  2 spriggans (shapeshifter)
  A vampire (D:11)
  20 water elementals
  3 air elementals
  16 culicivoras
  10 ynoxinuls
  A naga simulacrum (Crypt:2)
  A shadow (D:11)
  An ettin skeleton (Crypt:3)
  A dire elephant simulacrum (Crypt:2)
  9 wraiths
  A golden eye (shapeshifter) (Abyss:4)
  4 fire elementals
  43 yaks
  5 fire bats
  14 golden eyes
  A hog (shapeshifter) (Abyss:4)
  An alligator snapping turtle simulacrum (Crypt:2)
  4 wargs
  A human (D:13)
  9 basilisks
  3 neqoxecs
  48 redbacks
  6 vampire mosquitoes
  14 chaos spawn
  A swamp worm (shapeshifter) (Depths:3)
  5 spatial vortices
  A demonspawn zombie (Crypt:1)
  2 harpy simulacra
  A naga (Abyss:3)
  3 acid dragons
  7 steam dragons
  A hell hound (Abyss:2)
  11 water moccasins
  A hydra simulacrum (Hell)
  A deep troll skeleton (Crypt:3)
  A faun skeleton (Crypt:1)
  3 ice beasts (D:5)
  A demonspawn skeleton (Crypt:2)
  30 orc warriors
  61 laughing skulls
  A meliai simulacrum (D:14)
  A black bear (D:5)
  A sky beast (D:7)
  21 ogres
  A manticore skeleton (Crypt:1)
  A manticore zombie (Crypt:2)
  10 centaurs
  3 boggarts
  14 wolves
  3 kobold brigands
  A phantom (D:6)
  5 weeping skulls
  A komodo dragon zombie (Crypt:3)
  3 brain worms
  3 earth elementals
  A gnoll sergeant (D:8)
  18 bullfrogs
  31 small abominations
  4 necrophages
  22 wights
  A shapeshifter zombie (Crypt:2)
  5 spriggan skeletons (Crypt:3)
  13 killer bees
  5 howler monkeys
  A polar bear skeleton (Crypt:1)
  2 electric eels (Lair:2)
  6 crimson imps
  9 quasits
  2 centaur zombies
  3 hounds
  2 gnoll boudas
  7 jellies
  A black bear zombie (Crypt:2)
  18 orc priests
  2 iron imps (Abyss:3)
  Jessica (D:2)
  2 sleepcaps
  2 iguanas (D:6)
  27 orc wizards
  A deep dwarf skeleton (Crypt:3)
  A mummy (Crypt:1)
  Robin (D:2)
  A howler monkey zombie (Crypt:1)
  9 gnolls
  11 adders
  2 shadow imps (D:7)
  6 white imps
  7 ufetubi
  A lava snake zombie (Crypt:2)
  A ribbon worm (Orc:2)
  2 dart slugs
  90 orcs
  5 ball pythons
  4 endoplasms
  A giant cockroach (D:2)
  22 goblins
  7 hobgoblins
  5 jackals
  5 quokkas
  5 bats
  3 frilled lizards
  25 kobolds
  A kobold skeleton (Crypt:2)
  3 rats
  A river rat skeleton (Crypt:3)
  An aspiring flesh (Zot:5)
  3 lurking horrors
  12 starspawn tentacles
2771 creatures vanquished.

Vanquished Creatures (collateral kills)
  An orb of fire (Zot:5)
  A Killer Klown (Zot:5)
  A curse toe (Zot:5)
  A golden dragon (Zot:5)
  2 bone dragons
  A lich (Depths:1)
  12 Orb Guardians
  3 tentacled monstrosities
  8 acid blobs
  2 quicksilver dragons (Vaults:5)
  A titan (Vaults:5)
  A sphinx (Vaults:5)
  A thorn hunter (Abyss:4)
  5 tengu reavers
  3 storm dragons
  4 azure jellies
  5 fire giants
  4 rockslimes
  A draconian shifter (Zot:2)
  A daeva (Depths:4)
  A draconian scorcher (Zot:3)
  A ghost moth (Zot:3)
  A frost giant (Depths:4)
  A deep elf sorcerer (Vaults:5)
  4 vault wardens (Vaults:5)
  2 draconian annihilators
  3 ironbound preservers (Vaults:5)
  2 stone giants
  2 quicksilver oozes (Slime:5)
  2 cacodemons
  A broodmother (Zot:4)
  A starflower (Abyss:2)
  3 green draconians
  5 very ugly things
  A black draconian (Zot:5)
  A red draconian (Abyss:2)
  A formless jellyfish (Slime:4)
  2 purple draconians
  A deep elf annihilator (Vaults:5)
  A spark wasp (Depths:3)
  3 ettins
  3 yaktaur captains (Vaults:5)
  3 fire dragons
  2 deep elf high priests (Vaults:5)
  A merfolk impaler (Depths:1)
  4 ice dragons (Depths:2)
  5 vault guards
  3 rakshasas
  2 centaur warriors
  A peacekeeper (Vaults:4)
  A deep troll shaman (Depths:2)
  A satyr (Abyss:4)
  A deep troll earth mage (Depths:2)
  2 thrashing horrors (Abyss:3)
  A spriggan berserker (Depths:4)
  3 wretched stars
  A spatial maelstrom (Abyss:3)
  2 iron trolls (Depths:2)
  A glowing orange brain (Lair:4)
  A sea snake (shapeshifter) (Depths:2)
  A swamp dragon (shapeshifter) (Depths:4)
  12 deep trolls
  An orb spider (Spider:4)
  5 large abominations
  An arcanist (Vaults:4)
  2 deep elf archers (Depths:2)
  2 harpies
  3 phantasmal warriors (Vaults:5)
  2 ironbound convokers (Vaults:5)
  A deep elf pyromancer (Elf:1)
  8 shining eyes
  An ugly thing (Depths:1)
  2 moths of wrath
  A water nymph (shapeshifter) (Vaults:5)
  2 vault sentinels (Vaults:5)
  A merfolk siren (Shoals:3)
  A smoke demon (Abyss:3)
  6 eyes of devastation
  A hellion (Zot:5)
  2 orange demons
  A tormentor (Abyss:3)
  An ice devil (Abyss:1)
  An ancient zyme (Abyss:4)
  A tarantella (Spider:4)
  5 hornets
  A raiju (Abyss:2)
  4 glass eyes
  9 slime creatures
  4 spriggans
  A ynoxinul (Abyss:4)
  A water elemental (Depths:1)
  2 fire bats
  10 neqoxecs
  A naga (Abyss:3)
  A spatial vortex (Abyss:3)
  3 starcursed masses
  2 laughing skulls
  A quasit (Abyss:3)
  2 ufetubi (Abyss:3)
  An orc (Orc:2)
  A butterfly (Zot:2)
  A starspawn tentacle (Abyss:3)
244 creatures vanquished.

Vanquished Creatures (others)
  A Killer Klown (Zot:2)
  A hellephant (Vaults:4)
  A tentacled monstrosity (Zot:3)
  An Orb Guardian (Zot:5)
  A shadow dragon (Vaults:5)
  A protean progenitor (Zot:2)
  A rockslime (Slime:5)
  A draconian knight (Zot:3)
  A reaper (Hell)
  An ironbound preserver (Vaults:4)
  A very ugly thing (Vaults:5)
  A yellow draconian (Depths:4)
  A deep elf annihilator (Vaults:5)
  A white draconian (Zot:3)
  A blizzard demon (Abyss:3)
  A deep troll earth mage (D:15)
  3 hell knights (Hell)
  An orb spider (shapeshifter) (Zot:2)
  A deep troll (Vaults:1)
  A deep elf pyromancer (Elf:3)
  2 large abominations (Abyss:2)
  A tengu zombie (Depths:3)
  2 harpies
  A wolf spider zombie (Spider:4)
  A starcursed mass (Abyss:2)
  A manticore (Shoals:1)
  A swamp worm zombie (Crypt:1)
  A tarantella (Spider:4)
  A raiju (Abyss:2)
  A jumping spider zombie (Spider:4)
  A golden eye (Slime:5)
  A small abomination (Abyss:2)
  A black bear (D:8)
  A merfolk zombie (Shoals:3)
  An orc (D:8)
  3 orc zombies (Orc:2)
  A butterfly (Zot:2)
  4 foxfires (Abyss:3)
  53 starspawn tentacles
100 creatures vanquished.

Grand Total: 3115 creatures vanquished

Notes
Turn   | Place    | Note
-------+----------+-------------------------------------------
     0 | D:1      | Laraso the Demonspawn Monk began the quest for the Orb.
     0 | D:1      | Reached XP level 1. HP: 18/18 MP: 1/1
   239 | D:1      | Gained mutation: You have a small tail. [demonic ancestry]
   239 | D:1      | Reached XP level 2. HP: 22/24 MP: 2/2
  1009 | D:2      | Reached XP level 3. HP: 29/29 MP: 3/3
  1109 | D:2      | Reached XP level 4. HP: 28/35 MP: 4/4
  1160 | D:2      | Noticed Jessica
  1172 | D:2      | Killed Jessica
  1335 | D:2      | Reached skill level 5 in Polearms
  1463 | D:2      | Noticed Robin
  1498 | D:2      | Killed Robin
  1501 | D:2      | Gained mutation: You are surrounded by a mild repulsion
                  | field. (EV +2) [demonic ancestry]
  1501 | D:2      | Reached XP level 5. HP: 25/41 MP: 5/5
  1690 | D:2      | Found a faded altar of an unknown god.
  2022 | D:3      | Identified the +1 robe of the Harp {rC+ Str-5 Archmagi}
  2513 | D:3      | Found a sacrificial altar of Ru.
  2994 | D:4      | Noticed a yak
  3060 | D:4      | Noticed a yak
  3060 | D:4      | Noticed a yak
  3189 | D:5      | Entered Level 5 of the Dungeon
  3224 | D:5      | Found a staircase to the Ecumenical Temple.
  3233 | Temple   | Entered the Ecumenical Temple
  3249 | Temple   | Became a worshipper of Ashenzari the Shackled
  3267 | D:5      | Noticed an ice beast
  3291 | D:5      | Gained mutation: You have a tail ending in a sharp stinger.
                  | [demonic ancestry]
  3291 | D:5      | Reached XP level 6. HP: 47/47 MP: 6/6
  3293 | D:5      | Killed an ice beast
  3579 | D:5      | Noticed an ice beast
  3587 | D:5      | Killed an ice beast
  3588 | D:5      | Reached XP level 7. HP: 52/52 MP: 7/7
  3954 | D:5      | Noticed a steam dragon
  3954 | D:5      | Noticed a steam dragon
  3965 | D:5      | Killed a steam dragon
  3972 | D:5      | Killed a steam dragon
  3972 | D:5      | HP: 2/52 [something (10)]
  4365 | D:6      | Noticed Grinder
  4372 | D:6      | Killed Grinder
  4373 | D:6      | Gained mutation: You regenerate magic rapidly. [demonic
                  | ancestry]
  4373 | D:6      | Reached XP level 8. HP: 58/58 MP: 8/8
  4684 | D:6      | Reached skill level 10 in Polearms
  5124 | D:4      | Gained mutation: You have a sharp stinger which inflicts
                  | weakening toxins. [demonic ancestry]
  5124 | D:4      | Reached XP level 9. HP: 42/63 MP: 9/9
  6196 | D:7      | Gained mutation: A meltable shield of frost defends you.
                  | (SH +4) [demonic ancestry]
  6196 | D:7      | Reached XP level 10. HP: 66/70 MP: 10/10
  6395 | D:7      | Reached * piety under Ashenzari
  6546 | D:7      | Identified the +4 war axe "Cynounn" {freeze, Fly rN+}
  7356 | D:8      | Reached skill level 5 in Fighting
  7493 | D:8      | Noticed a fire crab
  7511 | D:8      | Killed a fire crab
  7555 | D:8      | Found a staircase to the Lair.
  7568 | D:8      | Found an iron altar of Okawaru.
  7600 | D:8      | Reached ** piety under Ashenzari
  7875 | D:8      | Found a runed translucent door.
  7878 | D:8      | Noticed tmcgee265's ghost (novice FoBr)
  7914 | D:8      | Killed tmcgee265's ghost
  7977 | D:8      | Found a hide-covered altar of Uskayaw.
  8038 | D:8      | Noticed a centaur warrior
  8076 | D:8      | Found a transporter.
  8144 | D:8      | Reached *** piety under Ashenzari
  8272 | D:9      | Reached XP level 11. HP: 92/92 MP: 11/11
  8324 | D:8      | Found a shimmering blue altar of Sif Muna.
  8517 | D:8      | Reached skill level 1 in Armour
  8659 | D:8      | Gained mutation: You occasionally lose the ability to drink
                  | potions when taking damage. [potion of mutation]
  8659 | D:8      | Gained mutation: You are agile. (Dex +4, Str/Int -1)
                  | [potion of mutation]
  8659 | D:8      | Gained mutation: Your magical capacity is low. (-10% MP)
                  | [potion of mutation]
  8659 | D:8      | Gained mutation: Your muscles are strong. (Str +4, Int/Dex
                  | -1) [potion of mutation]
  8660 | D:8      | Lost mutation: Your muscles are strong. (Str +4, Int/Dex
                  | -1) [potion of mutation]
  8660 | D:8      | Lost mutation: You are agile. (Dex +4, Str/Int -1) [potion
                  | of mutation]
  8660 | D:8      | Lost mutation: Your magical capacity is low. (-10% MP)
                  | [potion of mutation]
  8660 | D:8      | Gained mutation: You expend magic power (3 MP) to
                  | strengthen your wands. [potion of mutation]
  8660 | D:8      | Gained mutation: You have a somewhat thin skeletal
                  | structure. (Dex +2, Stealth+) [potion of mutation]
  8736 | D:9      | Identified a scroll of acquirement
  9039 | D:9      | Noticed Prince Ribbit
  9055 | D:9      | Killed Prince Ribbit
  9120 | D:9      | Lost mutation: You expend magic power (3 MP) to strengthen
                  | your wands. [potion of mutation]
  9120 | D:9      | Lost mutation: You have a somewhat thin skeletal structure.
                  | (Dex +2, Stealth+) [potion of mutation]
  9120 | D:9      | Lost mutation: You occasionally lose the ability to drink
                  | potions when taking damage. [potion of mutation]
  9120 | D:9      | Gained mutation: You occasionally shout uncontrollably at
                  | your foes. [potion of mutation]
  9120 | D:9      | Gained mutation: You are agile. (Dex +4, Str/Int -1)
                  | [potion of mutation]
  9162 | D:9      | Identified the +2 morningstar of Subjectivity {freeze,
                  | rPois Dex+3}
  9228 | D:9      | Found a stormy altar of Qazlal.
  9586 | D:10     | Entered Level 10 of the Dungeon
  9586 | D:10     | Noticed a sea snake
  9617 | D:10     | Noticed a two-headed ogre
  9626 | D:10     | Killed a two-headed ogre
  9668 | D:10     | Found a shadowy altar of Dithmenos.
  9680 | D:10     | Noticed a two-headed ogre
  9692 | D:10     | Killed a two-headed ogre
  9693 | D:10     | Reached skill level 5 in Dodging
  9887 | D:10     | Found a basalt altar of Yredelemnul.
 10333 | D:11     | Noticed a two-headed ogre
 10348 | D:11     | Killed a two-headed ogre
 10349 | D:11     | Acquired the +7 Kryia's mail coat {PotionHeal*2 rC+}
 10349 | D:11     | Found the +7 Kryia's mail coat {PotionHeal*2 rC+}
 10471 | D:11     | Noticed a skeletal warrior
 10471 | D:11     | Noticed a skeletal warrior
 10521 | D:11     | Killed a skeletal warrior
 10996 | D:11     | Found the +7 staff of the Meek {protect, meekguard}
 11098 | D:11     | Noticed a skeletal warrior
 11173 | D:10     | Killed a skeletal warrior
 11333 | D:11     | Reached XP level 12. HP: 97/99 MP: 12/12
 11853 | D:12     | Reached skill level 5 in Armour
 11861 | D:12     | Noticed Lodul
 11946 | Lair:1   | Entered Level 1 of the Lair of Beasts
 12028 | Lair:1   | Noticed Joseph
 12038 | Lair:1   | Killed Joseph
 12763 | Lair:2   | Reached skill level 10 in Fighting
 13113 | Lair:2   | Noticed a boulder beetle
 13151 | Lair:2   | Killed a boulder beetle
 13276 | Lair:2   | Found a hole to the Spider Nest.
 13587 | Lair:2   | Reached skill level 1 in Stealth
 13804 | Lair:2   | Found a staircase to the Shoals.
 13833 | Lair:2   | Reached XP level 13. HP: 98/113 MP: 13/13
 13957 | Lair:3   | You fall into a shaft and drop 2 floors!
 13957 | Lair:5   | Entered Level 5 of the Lair of Beasts
 13957 | Lair:5   | Noticed a dire elephant
 13972 | Lair:4   | Noticed Snorg
 13999 | Lair:4   | Killed Snorg
 14267 | Lair:3   | Reached skill level 1 in Evocations
 14767 | Lair:3   | Reached skill level 1 in Spellcasting
 15227 | Lair:3   | Reached **** piety under Ashenzari
 15427 | Lair:4   | Found a runed translucent gate.
 15427 | Lair:4   | Found a runed translucent gate.
 15427 | Lair:4   | Found a runed translucent gate.
 15427 | Lair:4   | Noticed an azure jelly
 15428 | Lair:4   | Noticed an azure jelly
 15428 | Lair:4   | Noticed Zyxuithu's ghost (journeyman MeSh)
 15428 | Lair:4   | Noticed an azure jelly
 15428 | Lair:4   | Noticed an acid blob
 15429 | Lair:4   | Noticed an azure jelly
 15429 | Lair:4   | Noticed an azure jelly
 15430 | Lair:4   | Noticed a rockslime
 15431 | Lair:4   | Found a viscous altar of Jiyva.
 15734 | Lair:4   | Reached skill level 5 in Spellcasting
 16399 | Lair:4   | Killed a dire elephant
 16783 | Lair:4   | Reached skill level 10 in Dodging
 16830 | Lair:5   | Found a viscous altar of Jiyva.
 16830 | Lair:5   | Found a staircase to the Slime Pits.
 17241 | Lair:5   | Gained mutation: You are surrounded by a moderate repulsion
                  | field. (EV +3) [demonic ancestry]
 17241 | Lair:5   | Reached XP level 14. HP: 118/118 MP: 24/24
 17352 | Lair:5   | Identified the +9 trident of Division {distort, rC- rN++
                  | SInv}
 18390 | Shoals:1 | Entered Level 1 of the Shoals
 18505 | Shoals:1 | Learned a level 3 spell: Swiftness
 19062 | D:11     | Lodul changed into Lodul the basilisk
 19062 | D:11     | Noticed Lodul
 19065 | D:11     | Killed Lodul the basilisk
 20144 | D:12     | Noticed corpsech's ghost (journeyman NaFi)
 20147 | D:12     | Found a transporter.
 20155 | D:12     | Found a transporter.
 20277 | D:12     | Identified the Folio of Assembling
 20450 | D:12     | Found a staircase to the Orcish Mines.
 20456 | Orc:1    | Entered Level 1 of the Orcish Mines
 20513 | Orc:1    | Reached skill level 1 in Shields
 20544 | Orc:2    | Entered Level 2 of the Orcish Mines
 20548 | Orc:2    | Noticed an orc warlord
 20844 | Orc:1    | Killed an orc warlord
 20913 | Orc:2    | Noticed an orc warlord
 21726 | Orc:1    | Killed an orc warlord
 22873 | Orc:2    | Found Ymeargh's Armour Emporium.
 23150 | Orc:2    | Reached skill level 5 in Shields
 23312 | Orc:2    | Noticed an orc warlord
 23332 | Orc:2    | Killed an orc warlord
 23343 | Orc:2    | Found Reukk's Antique Armour Emporium.
 23348 | Orc:2    | Found Qyczinen's Antique Weapon Shoppe.
 23353 | Orc:2    | Bought a pair of embroidered boots for 262 gold pieces
 23353 | Orc:2    | Bought a pair of glowing gloves for 262 gold pieces
 23381 | Orc:2    | Found a staircase to the Elven Halls.
 23392 | Orc:2    | Found Taescho's Magic Scroll Emporium.
 23753 | Orc:1    | Noticed Gastronok
 23867 | Orc:1    | Killed Gastronok
 24217 | D:13     | Gained mutation: A meltable icy envelope protects you from
                  | harm. (AC +8) [demonic ancestry]
 24217 | D:13     | Reached XP level 15. HP: 126/126 MP: 25/25
 24387 | D:13     | Noticed anacleto's ghost (journeyman TrSh)
 24390 | D:13     | Found a runed translucent door.
 24870 | D:8      | Found a transporter.
 25497 | D:13     | Noticed Sonja
 25503 | D:13     | Killed Sonja
 25666 | D:13     | Found the +10 dark maul {heavy}
 26473 | D:13     | Found a gate to the Vaults.
 26930 | D:14     | Noticed Agnes
 26940 | D:14     | Killed Agnes
 26963 | D:14     | Found the +4 skin of Zhor {*Englaciate rC+++ SInv}
 27255 | D:14     | Reached skill level 10 in Shields
 27322 | D:14     | Noticed Jorgrun
 27333 | D:14     | Killed Jorgrun
 27458 | D:14     | Noticed Kirke
 27468 | D:14     | Killed Kirke
 27905 | D:15     | Entered Level 15 of the Dungeon
 28072 | D:15     | Found a staircase to the Depths.
 29210 | D:12     | Killed corpsech's ghost
 29211 | D:12     | Gained mutation: A meltable icy envelope protects you from
                  | harm. (AC +8) [demonic ancestry]
 29211 | D:12     | Reached XP level 16. HP: 133/133 MP: 26/26
 29331 | Elf:1    | Entered Level 1 of the Elven Halls
 29338 | Elf:1    | Learned a level 4 spell: Animate Armour
 29344 | Elf:1    | Learned a level 5 spell: Lee's Rapid Deconstruction
 29350 | Elf:1    | Learned a level 5 spell: Borgnjor's Vile Clutch
 30823 | Shoals:1 | Identified the ring of Tiok {Int+6 Dex+3}
 31135 | Shoals:1 | Reached skill level 1 in Earth Magic
 31779 | Shoals:1 | Reached skill level 5 in Earth Magic
 32817 | Shoals:3 | Noticed Polyphemus
 32943 | Shoals:2 | Reached skill level 10 in Earth Magic
 32978 | Shoals:2 | Killed Polyphemus
 33143 | Shoals:3 | Found Buneorgh's Magic Scroll Emporium.
 33188 | Shoals:3 | Found Lyamany's Jewellery Shop.
 33377 | Shoals:3 | Found Benemp's Jewellery Emporium.
 33703 | Shoals:3 | Noticed Ilsuiw
 33749 | Shoals:3 | Killed Ilsuiw
 33820 | Shoals:3 | Reached XP level 17. HP: 121/142 MP: 9/29
 33944 | Shoals:3 | Found Pead's Antique Weapon Shoppe.
 34347 | Shoals:4 | Entered Level 4 of the Shoals
 34466 | Shoals:4 | Reached ***** piety under Ashenzari
 35535 | Shoals:4 | Got a barnacled rune of Zot
 35637 | Shoals:4 | Reached skill level 1 in Necromancy
 35643 | Shoals:4 | Reached skill level 1 in Summonings
 35670 | Shoals:4 | Reached skill level 2 in Necromancy
 35861 | Shoals:4 | Identified the +1 robe of New Discoveries {rC+}
 35876 | Shoals:4 | Reached skill level 3 in Necromancy
 36578 | Elf:1    | Reached skill level 4 in Necromancy
 36738 | Elf:1    | Found the +1 cloak of Starlight {*Dazzle EV+4 Stlth--}
 36760 | Elf:1    | Identified the +4 kite shield "Hivafras" {Will+ Str+4}
 36760 | Elf:1    | Noticed Asterion
 36813 | Elf:1    | Killed Asterion
 36814 | Elf:1    | Reached skill level 5 in Evocations
 37080 | Elf:1    | Identified the +1 rapier of the Hills {flame, rPois rF- rC+
                  | Stlth+}
 37270 | Elf:1    | Reached skill level 1 in Air Magic
 37667 | Elf:1    | Found a runed translucent door.
 37672 | Elf:1    | Noticed anacleto's ghost (adept TrSh)
 37673 | Elf:1    | Identified the ring "Rool" {^Drain rC++ Str+2 Int+6 Dex+3}
 37847 | Elf:1    | Killed anacleto's ghost
 37921 | Elf:2    | Identified the +1 robe "Vielasou" {Rampage +Inv Regen+
                  | Slay+2}
 38425 | Elf:2    | Found a runed translucent gate.
 38426 | Elf:2    | Found a runed translucent gate.
 38430 | Elf:2    | Found a runed translucent gate.
 38462 | Elf:2    | Reached XP level 18. HP: 149/149 MP: 33/33
 38704 | Elf:2    | Learned a level 3 spell: Passwall
 38739 | Elf:3    | Entered Level 3 of the Elven Halls
 38827 | Elf:3    | Paralysed by an air elemental for 1 turns
 38833 | Elf:2    | Paralysed by an air elemental for 1 turns
 39037 | Elf:3    | Paralysed by an air elemental for 1 turns
 39269 | Elf:3    | Noticed a Tzitzimitl
 39634 | Elf:3    | Reached skill level 15 in Fighting
 40169 | Elf:3    | Identified the ring of Curiosity {Wiz Str+7}
 40301 | Elf:3    | Identified the +8 plate armour "Wusuvija" {*Slow Str+2
                  | SInv}
 40328 | Elf:3    | Identified the +2 chain mail of the Modern Heavens {rN+}
 40332 | Elf:3    | Found the ring of the Mage {Wiz Archmagi}
 40337 | Elf:3    | Identified the ring "Eroschy" {rC- rN++ Will+ SInv}
 40367 | Elf:3    | Acquired a book of Decay
 40766 | Spider:1 | Entered Level 1 of the Spider Nest
 41053 | Spider:1 | Noticed Donald
 41087 | Lair:2   | Killed Donald
 41341 | Spider:1 | Noticed Roxanne
 41363 | Spider:1 | Killed Roxanne
 42161 | Spider:2 | Noticed Nikola
 42177 | Spider:2 | Killed Nikola
 42829 | Spider:3 | Reached XP level 19. HP: 167/167 MP: 29/34
 43217 | Spider:3 | Noticed Mlioglotl
 43244 | Spider:3 | Killed Mlioglotl
 43853 | Spider:4 | Entered Level 4 of the Spider Nest
 44383 | Spider:4 | Learned a level 3 spell: Fugue of the Fallen
 44578 | Spider:4 | Noticed Arachne
 44610 | Spider:4 | Killed Arachne
 44690 | Spider:4 | Reached skill level 10 in Armour
 44856 | Spider:4 | Got a gossamer rune of Zot
 44926 | Spider:4 | Got a gossamer rune of Zot
 45132 | Spider:4 | Got a gossamer rune of Zot
 45307 | Spider:4 | Got a gossamer rune of Zot
 45521 | Spider:4 | Got a gossamer rune of Zot
 45848 | Vaults:1 | Entered Level 1 of the Vaults
 46665 | Vaults:1 | Identified the Omnibus of Hapless Algor
 46697 | Vaults:1 | Reached skill level 5 in Necromancy
 46699 | Vaults:1 | Gained mutation: You are surrounded by a strong repulsion
                  | field. (EV +4, RMsl) [demonic ancestry]
 46699 | Vaults:1 | Reached XP level 20. HP: 159/176 MP: 9/35
 46713 | Vaults:1 | Reached skill level 6 in Necromancy
 47549 | Vaults:2 | Noticed a bone dragon
 47573 | Vaults:2 | Killed a bone dragon
 47613 | Vaults:2 | Found a staircase to the Crypt.
 47875 | Vaults:2 | Found a portal to a secret trove of treasure.
 48920 | Vaults:3 | Reached skill level 10 in Evocations
 49364 | Vaults:3 | Learned a level 5 spell: Summon Mana Viper
 49371 | Vaults:3 | Learned a level 6 spell: Death Channel
 49876 | Vaults:3 | Reached skill level 7 in Necromancy
 50172 | Vaults:4 | Identified the orb of Tideox {light, Str-5 Dex+2 Hexes
                  | Tloc}
 50172 | Vaults:4 | Noticed Frederick
 50193 | Vaults:4 | Killed Frederick
 50194 | Vaults:4 | Reached skill level 8 in Necromancy
 50450 | Vaults:4 | Reached skill level 9 in Necromancy
 50456 | Vaults:4 | Noticed Margery
 50716 | Vaults:4 | Killed Margery
 50726 | Vaults:4 | Killed the ghostly Margery
 50747 | Vaults:4 | Reached skill level 10 in Necromancy
 50747 | Vaults:4 | Reached XP level 21. HP: 54/185 MP: 33/37
 51344 | Vaults:4 | Noticed Zenata
 51442 | Vaults:4 | Killed Zenata
 51753 | Vaults:4 | Reached ****** piety under Ashenzari
 52115 | D:13     | Killed anacleto's ghost
 52375 | Lair:4   | Killed Zyxuithu's ghost
 52456 | Lair:3   | Learned a level 4 spell: Dispel Undead
 52742 | Depths:1 | Entered Level 1 of the Depths
 53153 | Depths:1 | Identified the amulet "Ruogaac" {Reflect rPois rN++ Str-3
                  | Dex+8 SH+5}
 53220 | Depths:1 | Found a gateway to Hell.
 53669 | Depths:1 | Found a snail-covered altar of Cheibriados.
 53834 | Depths:2 | Found a one-way gateway to a ziggurat.
 53903 | Depths:2 | Reached skill level 15 in Shields
 54011 | Depths:2 | Gained mutation: When hurt, damage is shared between your
                  | health and your magic reserves. [demonic ancestry]
 54011 | Depths:2 | Reached XP level 22. HP: 192/192 MP: 34/38
 54053 | Depths:2 | Found the +2 cloak of the Thief {*Fog Slay-2 SInv Stlth+}
 54362 | Depths:2 | Found a one-way gate leading to the halls of Pandemonium.
 54506 | Depths:2 | Found a bloodstained altar of Trog.
 54544 | Depths:2 | Identified the +10 rapier "Voagi" {freeze, Str+4 Int+3}
 54763 | Depths:2 | Learned a level 6 spell: Eringya's Noxious Bog
 54813 | Depths:2 | Found a one-way gate to the infinite horrors of the Abyss.
 54918 | Depths:3 | Noticed a caustic shrike
 54932 | Depths:3 | Killed a caustic shrike
 54933 | Depths:3 | Reached skill level 15 in Armour
 54933 | Depths:3 | Noticed a juggernaut
 54954 | Depths:3 | Killed a juggernaut
 54961 | Depths:3 | Reached skill level 15 in Dodging
 55111 | Depths:3 | Identified the +8 whip of Amafrer {elec, rC+ rN+ Str-4}
 55300 | Depths:3 | Reached skill level 1 in Alchemy
 55628 | Depths:3 | Noticed a golden dragon
 55651 | Depths:3 | Killed a golden dragon
 55726 | Depths:3 | Found the +5 Storm Queen's Shield {shock, Fly rElec}
 56125 | Depths:3 | Noticed a golden dragon
 56136 | Depths:3 | Killed a golden dragon
 56137 | Depths:3 | Reached skill level 5 in Alchemy
 56439 | Depths:4 | Entered Level 4 of the Depths
 56743 | Depths:4 | Noticed a golden dragon
 56759 | Depths:4 | Killed a golden dragon
 56858 | Depths:4 | Noticed a golden dragon
 56907 | Depths:4 | Found a gate to the Realm of Zot.
 57086 | Depths:4 | Killed a golden dragon
 57239 | Depths:4 | Noticed a golden dragon
 57260 | Depths:4 | Killed a golden dragon
 57407 | Depths:4 | Reached skill level 10 in Alchemy
 57472 | Depths:4 | Gained mutation: You punish those that try to bend your
                  | will. (Will+) [demonic ancestry]
 57472 | Depths:4 | Reached XP level 23. HP: 199/199 MP: 39/39
 58174 | Crypt:1  | Entered Level 1 of the Crypt
 58703 | Crypt:1  | Noticed Khufu
 58705 | Crypt:1  | Noticed a royal mummy
 59449 | Crypt:2  | Identified the ring "Faufruun" {Ice ^Drain rN+ Dex+4}
 59449 | Crypt:2  | Noticed Josephina
 59464 | Crypt:2  | Killed Josephina
 59766 | Crypt:2  | Reached skill level 11 in Necromancy
 60361 | Crypt:3  | Entered Level 3 of the Crypt
 60475 | Crypt:3  | Reached skill level 12 in Necromancy
 61201 | Crypt:3  | Found a basalt altar of Yredelemnul.
 61239 | Crypt:3  | Noticed a dread lich
 61247 | Crypt:3  | Killed a dread lich
 61725 | Crypt:3  | Learned a level 9 spell: Death's Door
 61962 | Crypt:3  | Gained mutation: When low on magic, you restore magic in
                  | place of health. [demonic ancestry]
 61962 | Crypt:3  | Reached XP level 24. HP: 212/212 MP: 40/40
 62069 | Crypt:3  | Found a staircase to the Tomb.
 62384 | Vaults:5 | Entered Level 5 of the Vaults
 62455 | Vaults:5 | Noticed an ancient lich
 62554 | Vaults:5 | Reached skill level 13 in Necromancy
 62592 | Vaults:5 | Killed an ancient lich
 62650 | Vaults:5 | Reached skill level 14 in Necromancy
 62731 | Vaults:5 | Reached skill level 15 in Necromancy
 62740 | Vaults:5 | Noticed an ancient lich
 62757 | Vaults:5 | Reached skill level 16 in Necromancy
 62762 | Vaults:5 | Killed an ancient lich
 62815 | Vaults:5 | Reached skill level 17 in Necromancy
 63161 | Vaults:5 | Identified the +0 scale mail of the Soldier {^Drain rElec
                  | rF- rN+++}
 63198 | Vaults:5 | Identified the +1 chain mail of Free Expression {Rampage
                  | Str+3 Dex+3 Stlth+}
 63226 | Vaults:5 | Identified the +10 plate armour of Zoul Xoa {Rampage rF+
                  | rC+ Dex-3}
 63600 | Vaults:5 | Found the +3 salamander hide armour {Flames, rFlCloud rF++
                  | rC--}
 63601 | Vaults:5 | Identified the ring "Hiclel Zutu" {Will+ rCorr Str+3}
 63827 | Vaults:5 | Identified the +2 plate armour "Vulyk" {-Tele Harm Regen+
                  | SInv}
 63942 | Vaults:5 | Identified the +7 scimitar of the Shrinking Eel {spect,
                  | rPois Will+}
 63943 | Vaults:5 | Identified the ring of Kuahos {Fly rC+ rCorr EV+5 Str-5}
 64000 | Vaults:5 | Got a silver rune of Zot
 64655 | Zot:1    | Entered Level 1 of the Realm of Zot
 65603 | Zot:1    | Reached skill level 18 in Necromancy
 65947 | Zot:2    | Identified the +1 leather armour of Reason {rF+ Dex+6}
 66083 | Zot:2    | Found a shimmering altar of Xom.
 66253 | Zot:2    | Gained mutation: You are resistant to unholy torment.
                  | [demonic ancestry]
 66253 | Zot:2    | Reached XP level 25. HP: 103/219 MP: 18/40
 66254 | Zot:2    | Reached skill level 19 in Necromancy
 66647 | Zot:2    | Noticed a Killer Klown
 66664 | Zot:2    | Killed a Killer Klown
 66668 | Zot:2    | Found a shimmering altar of Xom.
 66670 | Zot:2    | Found a shimmering altar of Xom.
 66670 | Zot:2    | Found a shimmering altar of Xom.
 66681 | Zot:2    | Found a shimmering altar of Xom.
 66693 | Zot:2    | Found a shimmering altar of Xom.
 67433 | Zot:3    | Reached skill level 20 in Necromancy
 68476 | Zot:3    | Reached skill level 21 in Necromancy
 69503 | Zot:4    | Reached skill level 22 in Necromancy
 69993 | Zot:5    | Entered Level 5 of the Realm of Zot
 70403 | Zot:5    | Learned a level 2 spell: Blink
 70430 | Zot:5    | Reached skill level 1 in Translocations
 70637 | Zot:5    | Noticed an orb of fire
 70722 | Zot:5    | Reached skill level 23 in Necromancy
 70773 | Zot:5    | Noticed an orb of fire
 70787 | Zot:5    | Killed an orb of fire
 71674 | Zot:5    | Noticed a Killer Klown
 71693 | Zot:5    | Killed a Killer Klown
 71707 | Zot:5    | Gained mutation: You occasionally lose the ability to read
                  | scrolls when taking damage. [an orb of fire]
 71724 | Zot:5    | Killed an orb of fire
 71749 | Zot:5    | Noticed a Killer Klown
 71777 | Zot:5    | Killed a Killer Klown
 71984 | Zot:5    | Noticed an orb of fire
 71986 | Zot:5    | Gained mutation: Armour fits poorly on your strangely
                  | shaped body. [an orb of fire]
 71992 | Zot:5    | Lost mutation: You are agile. (Dex +4, Str/Int -1) [an orb
                  | of fire]
 72003 | Zot:5    | Killed an orb of fire
 72004 | Zot:5    | Gained mutation: You can hurl damnation. [demonic ancestry]
 72004 | Zot:5    | Reached XP level 26. HP: 226/226 MP: 41/41
 72008 | Zot:5    | Lost mutation: You occasionally lose the ability to read
                  | scrolls when taking damage. [potion of mutation]
 72008 | Zot:5    | Lost mutation: You occasionally shout uncontrollably at
                  | your foes. [potion of mutation]
 72008 | Zot:5    | Lost mutation: Armour fits poorly on your strangely shaped
                  | body. [potion of mutation]
 72008 | Zot:5    | Gained mutation: You are agile. (Dex +4, Str/Int -1)
                  | [potion of mutation]
 72008 | Zot:5    | Gained mutation: You sometimes lose your temper in combat.
                  | [potion of mutation]
 72008 | Zot:5    | Gained mutation: You have an increased reservoir of magic.
                  | (+10% MP) [potion of mutation]
 72383 | Zot:5    | Noticed an ancient lich
 72392 | Zot:5    | Killed an ancient lich
 72512 | Zot:5    | Noticed a dread lich
 72521 | Zot:5    | Killed a dread lich
 72522 | Zot:5    | Reached skill level 10 in Spellcasting
 72565 | Zot:5    | Reached skill level 24 in Necromancy
 73032 | Zot:5    | Noticed an orb of fire
 73034 | Zot:5    | Noticed an ancient lich
 73054 | Zot:5    | Killed an orb of fire
 73060 | Zot:5    | Killed an ancient lich
 73281 | Zot:5    | Lost mutation: You have an increased reservoir of magic.
                  | (+10% MP) [potion of mutation]
 73281 | Zot:5    | Lost mutation: You sometimes lose your temper in combat.
                  | [potion of mutation]
 73281 | Zot:5    | Gained mutation: Your flesh is cold resistant. (rC+)
                  | [potion of mutation]
 73281 | Zot:5    | Gained mutation: Your magical capacity is low. (-10% MP)
                  | [potion of mutation]
 73282 | Zot:5    | Lost mutation: You are agile. (Dex +4, Str/Int -1) [potion
                  | of mutation]
 73282 | Zot:5    | Lost mutation: Your magical capacity is low. (-10% MP)
                  | [potion of mutation]
 73282 | Zot:5    | Gained mutation: You occasionally shout uncontrollably at
                  | your foes. [potion of mutation]
 73297 | Zot:5    | Lost mutation: You occasionally shout uncontrollably at
                  | your foes. [potion of mutation]
 73297 | Zot:5    | Lost mutation: Your flesh is cold resistant. (rC+) [potion
                  | of mutation]
 73297 | Zot:5    | Gained mutation: You occasionally lose the ability to read
                  | scrolls when taking damage. [potion of mutation]
 73297 | Zot:5    | Gained mutation: You are occasionally teleported next to
                  | monsters. [potion of mutation]
 73297 | Zot:5    | Gained mutation: You possess an exceptional clarity of
                  | mind. [potion of mutation]
 73298 | Zot:5    | Lost mutation: You possess an exceptional clarity of mind.
                  | [potion of mutation]
 73298 | Zot:5    | Lost mutation: You occasionally lose the ability to read
                  | scrolls when taking damage. [potion of mutation]
 73298 | Zot:5    | Lost mutation: You are occasionally teleported next to
                  | monsters. [potion of mutation]
 73298 | Zot:5    | Gained mutation: You are vulnerable to heat. (rF-) [potion
                  | of mutation]
 73298 | Zot:5    | Gained mutation: You are agile. (Dex +4, Str/Int -1)
                  | [potion of mutation]
 73298 | Zot:5    | Gained mutation: Your muscles are strong. (Str +4, Int/Dex
                  | -1) [potion of mutation]
 73299 | Zot:5    | Lost mutation: You are vulnerable to heat. (rF-) [potion of
                  | mutation]
 73299 | Zot:5    | Lost mutation: Your muscles are strong. (Str +4, Int/Dex
                  | -1) [potion of mutation]
 73299 | Zot:5    | Lost mutation: You are agile. (Dex +4, Str/Int -1) [potion
                  | of mutation]
 73299 | Zot:5    | Gained mutation: Your mind is acute. (Int +4, Str/Dex -1)
                  | [potion of mutation]
 73299 | Zot:5    | Gained mutation: You expend magic power (3 MP) to
                  | strengthen your wands. [potion of mutation]
 73299 | Zot:5    | Gained mutation: You have hidden genetic potential. [potion
                  | of mutation]
 73877 | Vaults:3 | Learned a level 8 spell: Borgnjor's Revivification
 74208 | Hell     | Entered the Vestibule of Hell
 74208 | Hell     | Noticed Geryon
 75407 | Hell     | Lost mutation: You expend magic power (3 MP) to strengthen
                  | your wands. [a cacodemon]
 76014 | Hell     | Killed Geryon
 76528 | Vaults:2 | You paid a toll of the horn of Geryon to enter a treasure
                  | trove
 76529 | Trove    | Entered a treasure trove
 76534 | Trove    | Identified the +4 morningstar "Gemehawy" {flame, *Corrode
                  | rElec rF++ Int+2}
 76534 | Trove    | Identified the +0 chain mail of the Baker {Slay+2}
 76534 | Trove    | Identified the ring of Eboequogi {rElec rF+ Slay+4}
 76534 | Trove    | Identified the amulet of the Lily {Acrobat rF- rC+ Will+
                  | Str+2}
 76591 | Vaults:2 | Learned a level 7 spell: Haunt
 76868 | Slime:1  | Entered Level 1 of the Pits of Slime
 77129 | Slime:2  | Reached skill level 5 in Summonings
 77789 | Slime:4  | Found a viscous altar of Jiyva.
 77995 | Slime:5  | Entered Level 5 of the Pits of Slime
 79098 | Slime:3  | Reached XP level 27. HP: 233/233 MP: 32/46
 79466 | Slime:5  | Noticed the Royal Jelly
 79491 | Slime:5  | Killed the Royal Jelly
 79492 | Slime:5  | Reached skill level 15 in Spellcasting
 79782 | Slime:5  | Found the +8 storm bow {elec, penet}
 79782 | Slime:5  | Identified the +1 arbalest of Daxawkau {freeze, rPois Str+5
                  | Dex-4 Stlth+}
 79783 | Slime:5  | Identified the +0 scale mail "Gesyozaz" {-Tele rElec rF+++
                  | Dex-5}
 79784 | Slime:5  | Identified the ring "Cuynly" {*Corrode rF++ rC+ Dex+7}
 79807 | Slime:5  | Got a slimy rune of Zot
 79869 | Slime:5  | Identified the amulet "Ceiskus" {Reflect Int+2 Dex+3 SH+5}
 79870 | Slime:5  | Identified the staff of Zealuedu {rElec Will- SInv Fire Air
                  | Earth}
 79931 | Slime:5  | Identified the staff of Understanding {rElec Stlth+ Ice
                  | Air}
 81035 | Depths:2 | Voluntarily entered the Abyss.
 81101 | Abyss:1  | Found a corrupted altar of Lugonu.
 81247 | Abyss:1  | Found a corrupted altar of Lugonu.
 81599 | Abyss:1  | Found a corrupted altar of Lugonu.
 81610 | Abyss:1  | Found a corrupted altar of Lugonu.
 81753 | Abyss:1  | Found a corrupted altar of Lugonu.
 81756 | Abyss:1  | Found a corrupted altar of Lugonu.
 81768 | Abyss:1  | Found a corrupted altar of Lugonu.
 81821 | Abyss:2  | Found a corrupted altar of Lugonu.
 81832 | Abyss:2  | Found a corrupted altar of Lugonu.
 81832 | Abyss:2  | Found a corrupted altar of Lugonu.
 82418 | Abyss:2  | Gained mutation: You passively dampen the noise of your
                  | surroundings. [hidden potential]
 82755 | Abyss:2  | Paralysed by an air elemental for 1 turns
 83138 | Abyss:3  | Found a corrupted altar of Lugonu.
 83139 | Abyss:3  | Found a corrupted altar of Lugonu.
 83139 | Abyss:3  | Found a corrupted altar of Lugonu.
 83320 | Abyss:3  | Paralysed by accursed screaming for 1 turns
 83560 | Abyss:3  | Paralysed by accursed screaming for 1 turns
 84093 | Abyss:3  | Found a corrupted altar of Lugonu.
 84109 | Abyss:3  | Paralysed by accursed screaming for 1 turns
 84297 | Abyss:3  | Paralysed by accursed screaming for 1 turns
 84542 | Abyss:3  | Reached skill level 5 in Stealth
 84707 | Abyss:3  | Noticed a dread lich
 84724 | Abyss:3  | Killed a dread lich
 84969 | Abyss:3  | Found a corrupted altar of Lugonu.
 85158 | Abyss:4  | Found a shimmering blue altar of Sif Muna.
 85164 | Abyss:4  | Identified the amulet "Nunaneogh" {RegenMP rF++ Int-5}
 85346 | Abyss:4  | Found a shimmering blue altar of Sif Muna.
 85716 | Abyss:4  | Found a corrupted altar of Lugonu.
 85768 | Abyss:4  | Paralysed by accursed screaming for 1 turns
 85786 | Abyss:4  | Got an abyssal rune of Zot
 85863 | Depths:2 | Escaped the Abyss
 86018 | Depths:2 | Voluntarily entered the Abyss.
 86021 | Abyss:4  | Found a corrupted altar of Lugonu.
 86315 | Abyss:4  | Noticed a dread lich
 86320 | Abyss:4  | Killed a dread lich
 86326 | Depths:2 | Escaped the Abyss
 86335 | Depths:2 | Gained mutation: You have sharp toenails. [hidden
                  | potential]
 86335 | Depths:2 | Lost mutation: You have hidden genetic potential. [hidden
                  | potential expressed]
 86526 | Zot:5    | Got the Orb of Zot
 86821 | Depths:1 | Noticed Taihe the pandemonium lord
 86821 | Depths:1 | Noticed an ancient lich
 87095 | D:6      | Noticed Uceugas the pandemonium lord
 87151 | D:5      | Noticed Hommauc the pandemonium lord
 87234 | D:$      | Escaped with the Orb!

Illustrated notes

Levels and vault maps discovered:
D:1:      mushboom_english_gardens, layout_basic, serial_bayou_ford_a
D:2:      layout_basic, basic_ecumenical_altar, serial_bayou_pond_b,
          chequers_avenue, uniq_robin, uniq_jessica
D:3:      layout_basic, nicolae_ru_path_of_blood
D:4:      minmay_angry_zag, layout_cave_pods, kennysheep_little_box
D:5:      kennysheep_steamy, layout_basic, minmay_temple_entry_mini_moons
D:6:      layout_cave_pods, chequers_serial_rivers_micro_c, uniq_grinder
D:7:      layout_basic, mainiacjoe_overflow_alcove_1, minmay_hedge_maze
D:8:      gammafunk_the_bubble [the_bubble_gammafunk_split], layout_basic,
          tgw_sif, eat_drink_and_be_merry_uskayaw, okawaru_gym_becter,
          minmay_lair_entry_lava, hellmonk_ghost_happy_afterlife
D:9:      layout_loops_corners, mainiacjoe_overflow_cross_hatched,
          serial_park_tiny_2, dreamdust_deal_with_the_devil, minmay_microvault,
          uniq_prince_ribbit1
D:10:     layout_roguey, mainiacjoe_overflow_brackets,
          nicolae_dithmenos_shadow_blocks, serial_aquarium,
          aquarium_bridge_square [aquarium_subvault_bridge,
          aquarium_subvault_bridge, aquarium_subvault_window,
          aquarium_subvault_wall], aquarium_window_corner, aquarium_window_1,
          aquarium_window_corner, aquarium_view_2b, aquarium_view_2c,
          aquarium_pool_2
D:11:     layout_roguey
D:12:     minmay_the_grid_octo_triangle [minmay_the_grid_octo_thin_diamonds,
          minmay_the_grid_octo_prize_single_spiral, minmay_the_grid_octo_teeth],
          layout_small_grid, hiddenorc1_lemuel, gammafunk_ghost_smash,
          kennysheep_generic_room_14, uniq_lodul
D:13:     minmay_roctagon, layout_long_grid, hellmonk_vaults_keyhole,
          hellmonk_ghost_big_iron, drop_trap, uniq_sonja
D:14:     layout_basic, minmay_holes, hellmonk_guarded_unrand_zhor, uniq_agnes,
          uniq_jorgrun, uniq_kirke
D:15:     hellmonk_depths_entry_around_the_bend, layout_cave_pools,
          roderic_roman_lattice
Temple:   cyrus_circular_temple
Lair:1:   layout_chaotic_city, grunt_megastairs_5, uniq_joseph
Lair:2:   layout_loops_ring, minmay_shoals_entry_hut,
          nicolae_spider_entry_orb_guardian, minmay_lair_oklob_bushes
Lair:3:   layout_cellular_growth, dreamdust_gnoll_shepherd, grunt_megastairs_4
Lair:4:   layout_loops_ring, gammafunk_ghost_ooze, grunt_megastairs_3,
          serial_bayou_shore_b, uniq_snorg
Lair:5:   gammafunk_lair_ancient_temple, layout_cave_pods,
          nicolae_slime_entry_field_trip
Shoals:1: layout_shoals
Shoals:2: layout_shoals
Shoals:3: layout_shoals, serial_shops, shop, nicolae_shop_behind_doors,
          nicolae_shop_rolled_up, shop, uniq_polyphemus, uniq_ilsuiw
Shoals:4: shoals_end_grunt_ice, layout_shoals, nicolae_shoals_enchanted_isle
Spider:1: layout_spider_delve, hangedman_spider_tarantella_strand, uniq_donald,
          uniq_roxanne
Spider:2: layout_spider_delve, uniq_nikola
Spider:3: layout_chambers, uniq_mlioglotl
Spider:4: johnstein_spider_rune_arachne_lair, nicolae_spider_circle_web
Slime:1:  layout_caves
Slime:2:  cheibrodos_slime_lost_civilization_2, layout_caves
Slime:3:  layout_caves
Slime:4:  layout_caves, basic_altar
Slime:5:  slime_pit_nicolae_trefoil
Orc:1:    layout_caves, uniq_gastronok
Orc:2:    grunt_orc_community_town_hall, layout_diamond_mine,
          grunt_orc_community_big_house_1, grunt_orc_community_big_house_1,
          grunt_orc_community_house_3, grunt_orc_community_house_3,
          grunt_orc_community_house_2, grunt_orc_community_house_3,
          grunt_orc_community_house_2, basic_altar, nicolae_orc_bridge_out,
          minmay_orc_temple_a
Elf:1:    elf_arrival_001, layout_geoelf_grid, ebering_ghost_reflecting_pool,
          kennysheep_underground_church, uniq_asterion
Elf:2:    nicolae_elf_blades_splatter_lattice
          [nicolae_blade_entry_crossed_weapons], layout_loops_ring
Elf:3:    minmay_elf_hall_circle, layout_loops_cross, hangedman_elf_simple_split
Vaults:1: v_misc_23, v_misc_14, nicolae_vaults_turnstiles, v_alt_pattern_2,
          v_misc_32, ontoclasm_vaults_idyll, nicolae_vaults_closet_pinwheel_5,
          ontoclasm_vaults_bender, hangedman_vaults_corner_blocks,
          nicolae_vaults_ring_of_whatevers, ontoclasm_vaults_ligature,
          vaults_room_door_hall, vaults_dpeg_diagonal, layout_vaults_omnicross
Vaults:2: minmay_crypt_entry_nasty_monster, ontoclasm_vaults_idyll,
          v_alt_pattern_3, nicolae_vaults_hallways_thing,
          hangedman_vaults_impose, vaults_room_corners, vaults_room_door_hall,
          nicolae_vaults_apartment_1, layout_vaults_omnigrid, enter_trove_3
Vaults:3: nicolae_vaults_disjoint_gnomons, nicolae_vaults_three_branches,
          nicolae_vaults_double_plus_1, nicolae_vaults_rhombus_7,
          hangedman_vaults_variations, v_misc_29, vaults_room_boxed,
          nicolae_vaults_cochlea, v_misc_14, v_misc_4, layout_vaults_maze_snakey
Vaults:4: nicolae_vaults_closet_pinwheel_2, hangedman_vaults_stagger,
          ontoclasm_vaults_chip, vaults_mumra_lcd, nicolae_vaults_house_1,
          v_alt_pattern_6, vaults_mumra_minichess, vaults_mumra_hex,
          grunt_vaults_focal, nicolae_vaults_trapezoid_lopsided_1,
          layout_vaults_big_room, uniq_frederick, uniq_zenata, uniq_margery
Vaults:5
Crypt:1:  layout_chaotic_city, lemuel_dead_fish_pool, minivault_11, uniq_khufu
Crypt:2:  layout_catacombs, uniq_josephina
Crypt:3:  church_of_pain_bobbens, layout_chaotic_city,
          tomb_entry_simple_bobbens, item_on_display_a
Depths:1: layout_cave_pools, pf_hell_entry_tar_river, hangedman_decor_points,
          minivault_15, slow_altar_2, infiniplex_staircase_pool_lava
Depths:2: dreamdust_merry_men, layout_cave_shapes, enter_ziggurat_b,
          minmay_room_of_horrors, hell_entry, grunt_pan_entry_spiral, tgw_trog
Depths:3: minmay_four_inscribed_fans, layout_gridville, serial_bayou_pond_d,
          hell_entry, hangedman_abyss_entry_splay, skrybe_limestone_x
Depths:4: grunt_runaround [grunt_runaround_zot, grunt_runaround_doors_1,
          grunt_runaround_doors_2, grunt_runaround_doors_3,
          grunt_runaround_doors_4], abyss_entry, hell_entry
Hell
Zot:1:    layout_onion_interference, regret_index_zotdec_silver_v_v_orig_slice
Zot:2:    dreamdust_zin_vs_xom, layout_gridlike, hangedman_zot_decor_slant
Zot:3:    layout_basic, nicolae_zot_crop_circle, regret_index_zotdec_banners
Zot:4:    layout_gridville, bh_zot_lava_cross
Zot:5:    layout_basic

Skill      XL: |  1  2  3  4  5  6  7  8  9 10 11 12 13 14 15 16 17 18 19 20 21 22 23 24 25 26 27 |
---------------+----------------------------------------------------------------------------------+-----
Polearms       | 3 4 5 6 7 9 11 13 14 | 14.0
Fighting       | 9 11 12 13 17 22 | 22.7
Armour         | 4 7 12 14 15 16 | 16.5
Dodging        | 8 9 11 13 14 15 17 | 17.4
Stealth        | 1 4 7 |  7.3
Evocations     | 4 5 11 | 11.8
Spellcasting   | 5 8 9 14 15 | 15.3
Shields        | 6 12 13 15 16 | 16.5
Earth Magic    | 13 | 13.7
Necromancy     | 4 5 10 12 18 23 24 | 24.7
Summonings     | 4 6 |  6.4
Air Magic      | 4 |  4.8
Alchemy        | 10 13 | 13.5
Translocations | 2 |  2.0

Action                     |  1- 3 |  4- 6 |  7- 9 | 10-12 | 13-15 | 16-18 | 19-21 | 22-24 | 25-27 || total
---------------------------+-------+-------+-------+-------+-------+-------+-------+-------+-------++-------
  Melee: Spear             |    85 |   207 |       |       |       |       |       |       |       ||   292
         Tailslap          |     6 |    32 |    48 |   178 |   413 |   289 |   433 |   571 |   917 ||  2887
         Trident           |       |    27 |   273 |   951 |   681 |       |       |       |       ||  1932
         Demon trident     |       |       |       |       |  1386 |  1860 |  2040 |  2295 |  3556 || 11137
   Cast: Lee's Rapid Decon |       |       |       |       |       |    34 |    11 |     7 |       ||    52
         Animate Armour    |       |       |       |       |       |     2 |     1 |       |       ||     3
         Borgnjor's Vile C |       |       |       |       |       |    24 |    12 |     1 |       ||    37
         Fugue of the Fall |       |       |       |       |       |       |    12 |    46 |    66 ||   124
         Death Channel     |       |       |       |       |       |       |     9 |    21 |    35 ||    65
         Summon Mana Viper |       |       |       |       |       |       |     3 |       |       ||     3
         Eringya's Noxious |       |       |       |       |       |       |       |     6 |     5 ||    11
         Swiftness         |       |       |       |       |       |       |       |     2 |     7 ||     9
         Dispel Undead     |       |       |       |       |       |       |       |    40 |    17 ||    57
         Death's Door      |       |       |       |       |       |       |       |       |     1 ||     1
         Haunt             |       |       |       |       |       |       |       |       |    95 ||    95
         Blink             |       |       |       |       |       |       |       |       |     2 ||     2
 Invoke: Curse Item        |       |       |     1 |     5 |     2 |     3 |     5 |     2 |       ||    18
         Shatter the Chain |       |       |       |     1 |     2 |     4 |     1 |     1 |       ||     9
  Evoke: Wand              |       |     4 |     1 |     2 |    15 |     2 |     2 |       |     8 ||    34
         Phantom mirror    |       |       |       |       |       |     2 |     1 |       |     1 ||     4
         Sack of spiders   |       |       |       |       |       |     2 |       |       |     1 ||     3
         Tin of tremorston |       |       |       |       |       |       |     3 |       |     3 ||     6
         Lightning rod     |       |       |       |       |       |       |     4 |       |     3 ||     7
    Use: Scroll            |     2 |       |     1 |     2 |    16 |    10 |     2 |     4 |     9 ||    46
         Potion            |     1 |       |     2 |     4 |     4 |     7 |     2 |     3 |    15 ||    38
   Stab: Paralysed         |       |    15 |     5 |     5 |     9 |     9 |     6 |    10 |    11 ||    70
         Confused          |       |       |       |       |    19 |    16 |    27 |    56 |    99 ||   217
         Petrifying        |       |       |       |       |     6 |    14 |    14 |    25 |    19 ||    78
         Distracted        |       |       |       |       |     6 |     8 |    23 |    41 |    56 ||   134
         Petrified         |       |       |       |       |     3 |     8 |     6 |     2 |     4 ||    23
         Sleeping          |       |       |       |       |     6 |    15 |    20 |    12 |     6 ||    59
         Invisible         |       |       |       |       |       |    13 |     5 |       |       ||    18
         Held in net/web   |       |       |       |       |       |     2 |       |     3 |     5 ||    10
 Armour: Robe              |    35 |    59 |    22 |       |       |       |       |       |       ||   116
         Steam dragon scal |       |       |    75 |   121 |       |       |       |       |       ||   196
         Scale mail        |       |       |       |   169 |   665 |   373 |   302 |   343 |   482 ||  2334
  Dodge: Dodged            |    45 |    94 |    92 |   354 |   907 |   565 |   704 |   719 |  1379 ||  4859
         Repelled          |       |       |       |       |       |       |     7 |    21 |    39 ||    67
  Block: Kite shield       |       |       |       |       |   884 |  1686 |  1790 |  1941 |  2942 ||  9243
         Reflection        |       |       |       |       |    17 |   103 |    78 |    33 |    67 ||   298

Table legend: (Time is in decaauts)
 A = Elapsed time spent in this place.
 B = Non-inter-level travel time spent in this place.
 C = Inter-level travel time spent in this place.
 D = Time resting spent in this place.
 E = Time spent auto-exploring this place.
 F = Levels seen in this place.
 G = Mean time per level.
                   A        B        C        D        E       F      G
               +--------+--------+--------+--------+--------+-----+--------+
         Total |  83047 |  74211 |   8836 |  15392 |  36480 |  63 | 1318.2 |
       Dungeon |  21034 |  17441 |   3593 |   3793 |   9811 |  15 | 1402.3 |
        Temple |     31 |     17 |     14 |      0 |      0 |   1 |   31.0 |
          Lair |   7639 |   6409 |   1230 |   1516 |   3367 |   5 | 1527.8 |
        Shoals |   5689 |   5449 |    240 |   1295 |   2498 |   4 | 1422.2 |
   Spider Nest |   4353 |   4203 |    150 |    280 |   2766 |   4 | 1088.2 |
    Slime Pits |   3693 |   3202 |    491 |    397 |   1653 |   5 |  738.6 |
  Orcish Mines |   3738 |   3583 |    155 |   1786 |    907 |   2 | 1869.0 |
   Elven Halls |   4176 |   3967 |    209 |    976 |   1874 |   3 | 1392.0 |
        Vaults |   8330 |   7334 |    996 |    856 |   4490 |   5 | 1666.0 |
         Crypt |   3773 |   3666 |    107 |     75 |   2477 |   3 | 1257.7 |
        Depths |   7699 |   6715 |    984 |   2021 |   2641 |   4 | 1924.8 |
          Hell |    186 |    186 |      0 |      0 |      0 |   1 |  186.0 |
           Zot |   8130 |   7467 |    663 |   1609 |   3237 |   5 | 1626.0 |
         Abyss |   4521 |   4521 |      0 |    784 |    758 |   5 |  904.2 |
         Trove |     48 |     48 |      0 |      0 |      0 |   1 |   48.0 |
               +--------+--------+--------+--------+--------+-----+--------+

Top non-repeatable levels by time:
Depths:2: 3128 daAuts
    D:13: 2902 daAuts
   Zot:5: 2854 daAuts
    D:12: 2276 daAuts
    D:11: 2211 daAuts
   Orc:2: 2162 daAuts
Vaults:4: 2027 daAuts
   Zot:2: 1988 daAuts
  Lair:4: 1867 daAuts
  Lair:2: 1867 daAuts
 Abyss:3: 1825 daAuts
Vaults:2: 1769 daAuts
Shoals:4: 1755 daAuts
 Crypt:3: 1716 daAuts
   Elf:1: 1711 daAuts
